 Dungeon Crawl Stone Soup version 0.21.1-1-g345015f (webtiles) character file.

140 inc the Scratcher (level 5, 22/22 HPs)
             Began as a Felid Transmuter on Feb 24, 2018.
             Quit the game on level 4 of the Dungeon.
             The game lasted 00:10:18 (2493 turns).

inc the Scratcher (Felid Transmuter)                Turns: 2493, Time: 00:10:19

Health: 22/22      AC:  2    Str:  6    XL:     5   Next: 2%
Magic:  9/9        EV: 18    Int: 17    God:
Gold:   55         SH:  0    Dex: 16    Spells: 2/8 levels left
                                        Lives:  0   Deaths: 1

rFire    . . .     SeeInvis +     - Unarmed
rCold    . . .     Gourm    .   (shield unavailable)
rNeg     . . .     Faith    .   (armour unavailable)
rPois    .         Spirit   .   (helmet unavailable)
rElec    .         Reflect  .   (cloak unavailable)
rCorr    .         Harm     .   (gloves unavailable)
MR       .....                  (boots unavailable)
Stlth    ++........             (no amulet)
HPRegen  0.07/turn              (no ring)
MPRegen  0.11/turn              (no ring)

@: quick
A: very small, no armour, no weapons or thrown items, stealth, claws 1, fangs 3,
see invisible, carnivore, speed 1, shaggy fur 2, slow metabolism 1, sharp paws
a: no special abilities


You were on level 4 of the Dungeon.
You were not hungry.

You visited 1 branch of the dungeon, and saw 4 of its levels.
You also visited: Sewer.

You collected 55 gold pieces.

Inventory:

Jewellery
 g - an uncursed ring of flight {unknown}
Scrolls
 a - a scroll of blinking {unknown}
 d - 2 scrolls of remove curse
 e - a scroll of silence {unknown}
 h - a scroll of amnesia {unknown}
Potions
 f - 3 potions of lignification {unknown}
Books
 b - a book of Changes

   Spells                             Type                      Level
   a - Beastly Appendage              Transmutation                1
   b - Sticks to Snakes               Transmutation                2
   c - Spider Form                    Transmutation/Poison         3
   d - Ice Form                       Ice/Transmutation            4
   e - Blade Hands                    Transmutation                5
Comestibles
 c - 3 rations


   Skills:
 - Level 1.1 Fighting
 - Level 3.0 Dodging
 - Level 0.2 Stealth
 - Level 4.1 Unarmed Combat
 - Level 2.1 Spellcasting
 - Level 4.0 Transmutations
 + Level 3.3 Poison Magic


You had 2 spell levels left.
You knew the following spells:

 Your Spells              Type           Power        Failure   Level  Hunger
a - Beastly Appendage     Tmut           ###...       3%          1    #......
b - Sticks to Snakes      Tmut           ###.....     5%          2    ###....
c - Spider Form           Tmut/Pois      ##........   12%         3    ###....


Dungeon Overview and Level Annotations

Branches:
Dungeon (4/15)
 Temple: D:4-7

Altars:

Annotations:
D:4 kaesh's ghost, amateur TrMo


Innate Abilities, Weirdness & Mutations

You cannot wear armour.
You are incapable of wielding weapons or throwing items.
Your paws allow you to move quietly. (Stealth)
You have sharp claws.
You have razor-sharp teeth.
You have supernaturally acute eyesight. (SInv)
You are carnivorous and can eat meat at any time.
You cover ground quickly.
You are covered in thick fur. (AC +2)
You have a slow metabolism.
Your sharp claws are effective at attacking unaware monsters.


Message History

Increase (S)trength, (I)ntelligence, or (D)exterity?
You feel clever.
Your fur grows into a thick mane.
The orc priest barely misses you.
You see here a whip.
You hit the orc priest but do no damage.
The orc priest is poisoned.
The orc priest completely misses you.
You hit the orc priest but do no damage.
The orc priest looks as sick as possible!
You hit the orc priest.
The orc priest looks as sick as possible!
The orc priest is moderately wounded.
The orc priest calls down the wrath of Beogh upon you.
Pain shoots through your body!
You die...
Your shape twists and changes as you die.
You are now level 5!
Your transformation has ended.
You rejoin the land of the living...
Are you sure you want to abandon this character and quit the game? (Confirm with "yes".)

#.#..##.................
#.#........####.########
#.......#.## ##'## ###......(#
##[..## ##.########.....##
#####>.### ##.......## #
#........###.....<...####
#.##.......'.........'...
#.###...@###....<....####
#.##...#(# ##.......## #
#.##.###.# ##.....## #.##.# #.#
##...## #.##.###.# ##+##
#........# #.# ##........# #.#
#######..##.###.#######.##
#........##.###..........#######


There were no monsters in sight!

Vanquished Creatures
  A bullfrog (Sewer)
  An orc wizard (D:4)
  A worker ant (D:4)
  4 adders
  2 river rats (D:4)
  10 oozes
  8 leopard geckos (Sewer)
  An orc (D:4)
  11 giant cockroaches
  2 goblins
  8 ball pythons (Sewer)
  A bat (D:1)
  8 frilled lizards
  5 rats
63 creatures vanquished.

Vanquished Creatures (collateral kills)
  A leopard gecko (Sewer)
  A ball python (Sewer)
  3 frilled lizards (Sewer)
5 creatures vanquished.

Grand Total: 68 creatures vanquished

Notes
Turn   | Place    | Note
-------+----------+-------------------------------------------
     0 | D:1      | inc the Felid Transmuter began the quest for the Orb.
     0 | D:1      | Reached XP level 1. HP: 9/9 MP: 4/4
   204 | D:2      | Reached XP level 2. HP: 12/12 MP: 6/6
   346 | D:4      | Learned a level 2 spell: Sticks to Snakes
   362 | D:4      | Noticed kaesh's ghost (amateur TrMo)
   390 | D:4      | Reached XP level 3. HP: 10/15 MP: 0/7
   721 | D:4      | Learned a level 3 spell: Spider Form
   828 | D:4      | Found a glowing drain.
   847 | Sewer    | Entered a sewer
   890 | Sewer    | Reached XP level 4. HP: 8/19 MP: 1/8
  1689 | Sewer    | Reached skill level 1 in Poison Magic
  1887 | Sewer    | Reached XP level 5. HP: 18/22 MP: 0/9
  2488 | D:4      | Gained mutation: You are covered in thick fur. (AC +2) [Felid growth]
  2488 | D:4      | Reached XP level 6. HP: 10/25 MP: 7/10
  2492 | D:4      | Killed from afar by an orc priest
  2493 | D:4      | Reached XP level 5. HP: -2/22 MP: 8/9
  2493 | D:4      | Quit the game

Skill      XL: |  1  2  3  4  5 |
---------------+----------------+-----
Dodging        | 3 |  3.0
Unarmed Combat | 4 |  4.1
Transmutations | 3 4 |  4.0
Poison Magic   | 1 3 |  3.3
Fighting       | |  1.1
Stealth        | |  0.2
Spellcasting   | |  2.1

Action                   |  1- 3 |  4- 6 || total
-------------------------+-------+-------++-------
Melee: Unarmed           |    64 |   112 ||   176
       Bite              |     5 |     2 ||     7
       Headbutt          |     5 |     7 ||    12
       Punch             |     1 |       ||     1
 Cast: Beastly Appendage |     9 |    11 ||    20
       Sticks to Snakes  |     5 |     7 ||    12
       Spider Form       |       |     9 ||     9
  Use: Potion            |     2 |       ||     2
       Scroll            |       |     1 ||     1
 Stab: Sleeping          |     4 |       ||     4
  Eat: Chunk             |     8 |     5 ||    13
Armor: Skin              |     7 |     5 ||    12
Dodge: Dodged            |    53 |   100 ||   153
